[Event "Titled Tuesday Blitz August 17 2021"]
[White "Franchini, Gabriele"]
[Black "Golizadeh, Asghar"]
[WhiteFideId "806790"]
[BlackFideId "12505269"]
[WhiteElo "2215"]
[BlackElo "2403"]
[Result "1-0"]
[Round "06"]
[TimeControl "180+1"]
[Date "2021.08.18"]
[WhiteClock "0:00:13"]
[BlackClock "0:00:14"]

1. e4 c5 2. Nf3 d6 3. d4 cxd4 4. Nxd4 Nf6 5. Nc3 a6 6. Bg5 Nbd7 7. Bc4 Qb6 8. Qd2 Qxb2 9. Rb1 Qa3 10. O-O Qc5 11. Be2 e6 12. Kh1 Be7 13. Be3 Qc7 14. f4 O-O 15. Bf3 Rb8 16. a4 b6 17. e5 dxe5 18. Nc6 Bc5 19. Nxb8 Bxe3 20. Qxe3 exf4 21. Qd4 Qxb8 22. Rfd1 Qc7 23. Rb2 h6 24. Rdb1 e5 25. Nd5 Nxd5 26. Qxd5 Nf6 27. Qc6 Qe7 28. Rxb6 e4 29. Be2 Bg4 30. Bxg4 Nxg4 31. Qd6 Qh4 32. h3 Nf2+ 33. Kg1 Qg3 34. Kf1 f3 35. Qxg3 e3 36. Qxf2 exf2 37. Kxf2 fxg2 38. Kxg2 Kh7 39. Rb8 Rxb8 40. Rxb8 g5 41. Ra8 Kg6 42. Rxa6+ Kh5 43. Kg3 f6 44. Rxf6 g4 45. hxg4+ Kg5 46. Rf5+ Kg6 47. a5 h5 48. Rxh5 Kf6 49. Rd5 Kg6 50. c4 Kf6 51. a6 Kg6 52. a7 Kg7 53. Rd6 Kf7 54. Rb6 Ke7 55. a8=Q Kf7 56. Qa7+ Ke8 57. Rb8# 1-0


[Site "https://www.chess.com"]

[Event "Titled Tuesday Blitz August 17 2021"]
[White "Garriga Cazorla, Pere"]
[Black "Demchenko, Anton"]
[WhiteFideId "32011601"]
[BlackFideId "4160258"]
[WhiteElo "2430"]
[BlackElo "2583"]
[Result "1-0"]
[Round "06"]
[TimeControl "180+1"]
[Date "2021.08.17"]
[WhiteClock "0:00:20"]
[BlackClock "0:00:01"]

1. d4 d5 2. c4 dxc4 3. Nf3 a6 4. a4 Nf6 5. e3 Bg4 6. Bxc4 e6 7. Be2 Nc6 8. Nbd2 Bb4 9. O-O O-O 10. Nc4 Bd6 11. b3 Nd5 12. Bb2 f5 13. h3 Bh5 14. Nfd2 Bxe2 15. Qxe2 Qe8 16. Nxd6 cxd6 17. Nc4 Rd8 18. Ba3 Qe7 19. Rac1 f4 20. Qg4 f3 21. g3 Kh8 22. Rfd1 Rf6 23. Qh4 h6 24. Ne5 Rc8 25. e4 g5 26. Qh5 Nb6 27. Ng6+ Rxg6 28. Qxg6 Rf8 29. Qxh6+ Kg8 30. Qg6+ Kh8 31. d5 Ne5 32. Qh5+ Kg7 33. dxe6 Rh8 34. Bxd6 Qxd6 35. Rxd6 Rxh5 36. Rxb6 Rxh3 37. Rc7+ Kf6 38. e7+ Kf7 39. Rf6+ Kxf6 40. e8=Q g4 41. Qe7+ 1-0


[Site "https://www.chess.com"]

[Event "Titled Tuesday Blitz August 17 2021"]
[White "Gerzhoy, Leonid"]
[Black "Sychev, Klementy"]
[WhiteFideId "2806126"]
[BlackFideId "4114060"]
[WhiteElo "2547"]
[BlackElo "2615"]
[Result "0-1"]
[Round "06"]
[TimeControl "180+1"]
[Date "2021.08.17"]
[WhiteClock "0:00:12"]
[BlackClock "0:01:36"]

1. d4 Nf6 2. Nf3 c5 3. c3 g6 4. Bg5 Bg7 5. e3 O-O 6. Nbd2 cxd4 7. exd4 d6 8. Bd3 Nc6 9. O-O e5 10. dxe5 dxe5 11. Ne4 Bf5 12. Nxf6+ Bxf6 13. Bxf5 gxf5 14. Qxd8 Bxd8 15. Bxd8 Raxd8 16. Rad1 Kg7 17. g3 Kf6 18. Kg2 e4 19. Nd4 Ne5 20. Ne2 Nd3 21. Rd2 Ne1+ 22. Rxe1 Rxd2 23. Nf4 Rxb2 24. Rd1 Rc8 25. Rd6+ Kg7 26. Nh5+ Kf8 27. Rd7 e3 28. Nf6 e2 29. Nxh7+ Kg7 30. Ng5 e1=Q 31. Rxf7+ Kg6 32. Rxf5 Kxf5 0-1


[Site "https://www.chess.com"]

[Event "Titled Tuesday Blitz August 17 2021"]
[White "Girinath, P.D.S."]
[Black "Babiy, Olga"]
[WhiteFideId "5000572"]
[BlackFideId "14117258"]
[WhiteElo "2333"]
[BlackElo "2253"]
[Result "1-0"]
[Round "06"]
[TimeControl "180+1"]
[Date "2021.08.18"]
[WhiteClock "0:00:16"]
[BlackClock "0:00:10"]

1. e4 c5 2. Nf3 e6 3. b3 Nc6 4. Bb5 Qc7 5. Bb2 Nf6 6. e5 Nd5 7. O-O Be7 8. Re1 a6 9. Bxc6 Qxc6 10. d4 b5 11. c4 bxc4 12. bxc4 Nb6 13. Nbd2 Bb7 14. Rc1 Na4 15. Ba1 cxd4 16. Nb3 Nc3 17. Qd2 Ne4 18. Qxd4 Ng5 19. Re3 a5 20. Qf4 h6 21. Nbd4 Qb6 22. h4 Nxf3+ 23. Nxf3 Rc8 24. Qg4 g6 25. h5 g5 26. Bd4 Qc6 27. Rb3 Ba8 28. Rb5 a4 29. Rb6 Qc7 30. c5 Qxb6 31. cxb6 Rxc1+ 32. Kh2 O-O 33. Be3 Rb1 34. Nxg5 hxg5 35. Bxg5 Bxg5 36. Qxg5+ Kh7 37. Qf6 Be4 38. f3 Bf5 39. g4 Bd3 40. g5 Rxb6 41. g6+ Kg8 42. h6 Rb2+ 43. Kg3 1-0


[Site "https://www.chess.com"]

[Event "Titled Tuesday Blitz August 17 2021"]
[White "Golubev, Mikhail"]
[Black "Marcziter, Dmitrii"]
[WhiteFideId "14100983"]
[BlackFideId "13900765"]
[WhiteElo "2374"]
[BlackElo "2155"]
[Result "1-0"]
[Round "06"]
[TimeControl "180+1"]
[Date "2021.08.18"]
[WhiteClock "0:00:12"]
[BlackClock "0:00:13"]

1. e4 c5 2. Ne2 Nc6 3. Nbc3 a6 4. d4 cxd4 5. Nxd4 e6 6. Be3 Qc7 7. a3 b5 8. Nxc6 Qxc6 9. Bd3 Bb7 10. O-O Nf6 11. Re1 d5 12. exd5 Nxd5 13. Be4 O-O-O 14. Nxd5 exd5 15. Bf5+ Kb8 16. Bd4 Bc5 17. c3 Rhe8 18. Qd2 g6 19. Bc2 Bxd4 20. Qxd4 Qc4 21. Qb6 Qc6 22. Qxc6 Bxc6 23. Rxe8 Rxe8 24. Kf1 Kc7 25. Rd1 Kd6 26. g3 a5 27. Rd4 f5 28. f4 b4 29. axb4 Bb5+ 30. Bd3 Bxd3+ 31. Rxd3 axb4 32. cxb4 Rb8 33. Rd4 Re8 34. Rd3 Re4 35. Rb3 Kc6 36. b5+ Kb6 37. Kf2 d4 38. Rb4 Kc5 39. Ra4 Kxb5 40. Ra7 d3 41. Rxh7 Re2+ 42. Kf3 Kc4 43. Rc7+ Kb3 44. Rc3+ Kxb2 45. Rxd3 Rxh2 46. Rd6 Rh6 47. Rc6 Kb3 48. Ke3 Kb4 49. Kd4 Kb5 50. Rd6 Kb4 51. Rb6+ Ka5 52. Re6 Kb5 53. Ke5 Kc5 54. Kf6 g5+ 55. Kxf5 Rxe6 56. Kxe6 g4 57. Kf5 Kd5 58. Kxg4 Ke6 59. Kh5 Kf6 60. Kg4 Kg6 61. Kf3 Kf5 62. g4+ Kf6 63. Ke4 Kg6 64. g5 Kf7 65. Ke5 Kg7 66. f5 Kf7 67. g6+ Kg7 68. Ke6 Kg8 69. f6 Kf8 70. g7+ Kg8 71. Ke7 Kh7 72. Kf8 Kh6 73. g8=Q 1-0


[Site "https://www.chess.com"]

[Event "Titled Tuesday Blitz August 17 2021"]
[White "Goncalves, Davi Sulzbacher"]
[Black "Korchmar, Vasiliy"]
[WhiteFideId "2154510"]
[BlackFideId "24131750"]
[WhiteElo "2107"]
[BlackElo "2370"]
[Result "0-1"]
[Round "06"]
[TimeControl "180+1"]
[Date "2021.08.17"]
[WhiteClock "0:00:05"]
[BlackClock "0:00:49"]

1. d4 d5 2. c4 c6 3. Nf3 Nf6 4. e3 Bg4 5. Nc3 e6 6. Be2 Nbd7 7. O-O Bd6 8. Qc2 O-O 9. e4 dxe4 10. Nxe4 Nxe4 11. Qxe4 Bf5 12. Qh4 Be7 13. Bg5 Nf6 14. Rad1 h6 15. Bxf6 Bxf6 16. Qg3 Qb6 17. b3 Rfd8 18. Qf4 a5 19. Bd3 Bxd3 20. Rxd3 a4 21. Rfd1 axb3 22. axb3 Ra3 23. c5 Qb5 24. Qe3 Rda8 25. Nd2 Bg5 26. f4 Ra1 27. Nc4 Bf6 28. Nd6 Qb4 29. f5 Bg5 30. Qf3 e5 31. f6 Bxf6 32. dxe5 Qxc5+ 33. Qf2 Qxe5 34. Nc4 Qe4 35. Qf3 Qg6 36. Ne3 Qxd3 0-1


[Site "https://www.chess.com"]

[Event "Titled Tuesday Blitz August 17 2021"]
[White "Gontcharov, Vladislav"]
[Black "Rastbod, Ali"]
[WhiteFideId "4123492"]
[BlackFideId "12567477"]
[WhiteElo "2503"]
[BlackElo "2226"]
[Result "0-1"]
[Round "06"]
[TimeControl "180+1"]
[Date "2021.08.17"]
[WhiteClock "0:01:23"]
[BlackClock "0:00:29"]

1. e4 e6 2. d4 d5 3. Nd2 Nc6 4. Ngf3 Nf6 5. e5 Nd7 6. Bb5 a6 7. Bxc6 bxc6 8. b4 Bxb4 9. O-O O-O 10. Rb1 a5 11. a3 Be7 12. Re1 c5 13. c3 cxd4 14. cxd4 c5 15. Nf1 Ba6 16. Ng3 Rb8 17. Rxb8 Qxb8 18. Bg5 Bxg5 19. Nxg5 h6 20. Nh3 cxd4 21. Qxd4 Rc8 22. Nh5 Rc4 23. Qd2 a4 24. Qa5 Qb6 25. Qd2 Nc5 26. N3f4 Re4 27. Rc1 Nb3 28. Qb2 Nxc1 0-1


[Site "https://www.chess.com"]

[Event "Titled Tuesday Blitz August 17 2021"]
[White "Grachev, Boris"]
[Black "Sapunov, Evgeny"]
[WhiteFideId "4129199"]
[BlackFideId "4126661"]
[WhiteElo "2580"]
[BlackElo "2470"]
[Result "1-0"]
[Round "06"]
[TimeControl "180+1"]
[Date "2021.08.17"]
[WhiteClock "0:00:04"]
[BlackClock "0:00:08"]

1. d4 Nf6 2. Bf4 d6 3. e3 g6 4. h3 Bg7 5. Nf3 O-O 6. c3 c5 7. dxc5 dxc5 8. Nbd2 Nc6 9. Qc2 b6 10. Be2 Bb7 11. O-O Qd7 12. Rfd1 Rad8 13. Nc4 Qc8 14. a4 Rxd1+ 15. Rxd1 Rd8 16. Rxd8+ Qxd8 17. Nfd2 Qd7 18. Bg3 Ne8 19. Bf3 Nd8 20. Bxb7 Nxb7 21. Qe4 f5 22. Qc2 Ned6 23. Nxd6 Nxd6 24. Qd3 Qc6 25. Bxd6 exd6 26. Qa6 Qd7 27. a5 b5 28. c4 b4 29. b3 Bc3 30. Nf3 Bf6 31. Qb5 Qe7 32. a6 Kf7 33. Qb7 h5 34. h4 Kf8 35. g3 Kf7 36. Ne1 Be5 37. Nd3 Kf8 38. Kf1 Kf7 39. Qd5+ Kf8 40. Qa8+ Kg7 41. Qb7 Kf8 42. Ke2 Kf7 43. Qd5+ Kf8 44. Qb7 Kf7 45. Kf3 Kf8 46. e4 fxe4+ 47. Qxe4 Bd4 48. Qa8+ Kg7 49. Qb7 Kf8 50. Nf4 Qf6 51. Qa8+ Kg7 52. Qxa7+ Kh6 53. Qb7 Be5 54. a7 Bxf4 55. a8=Q Bxg3+ 56. Kxg3 Qe5+ 57. Kg2 1-0


[Site "https://www.chess.com"]

[Event "Titled Tuesday Blitz August 17 2021"]
[White "Grafil, Franz Robert"]
[Black "Dudzinski, Pawel"]
[WhiteFideId "5205298"]
[BlackFideId "1117890"]
[WhiteElo "2211"]
[BlackElo "2193"]
[Result "1/2-1/2"]
[Round "06"]
[TimeControl "180+1"]
[Date "2021.08.18"]
[WhiteClock "0:00:04"]
[BlackClock "0:00:05"]

1. Nf3 g6 2. d4 Bg7 3. e4 c6 4. Nc3 d5 5. Bg5 dxe4 6. Nxe4 Bg4 7. c3 h6 8. Be3 Nd7 9. Be2 Ngf6 10. Ng3 O-O 11. Qd2 Kh7 12. h3 Bxf3 13. Bxf3 e5 14. O-O-O Qa5 15. Kb1 Rad8 16. h4 exd4 17. Bxd4 Ne5 18. Qc2 Nxf3 19. gxf3 h5 20. f4 Ng4 21. Bxg7 Kxg7 22. f5 Rxd1+ 23. Rxd1 Rd8 24. Rg1 Qc5 25. fxg6 fxg6 26. Ne4 Qf5 27. a4 Re8 28. Nd6 Qxc2+ 29. Kxc2 Re2+ 30. Kb3 b6 31. f3 Ne5 32. f4 Nf3 33. Rg3 Nd2+ 34. Ka3 Kf6 35. Nc8 Nc4+ 36. Kb3 b5 37. axb5 cxb5 38. Kb4 Rxb2+ 39. Kc5 a6 40. Nb6 Nxb6 41. Kxb6 Ra2 42. Rg5 Ra4 43. f5 Rxh4 44. fxg6 Rg4 45. Rxh5 Kxg6 46. Rc5 Ra4 47. Rc7 Ra3 48. Ra7 Rxc3 49. Rxa6 b4 50. Kb5+ Kf5 51. Kxb4 Re3 52. Ra5+ Re5 53. Rxe5+ Kxe5 1/2-1/2


[Site "https://www.chess.com"]

[Event "Titled Tuesday Blitz August 17 2021"]
[White "Green, Andrew D"]
[Black "Katz, Alexander"]
[WhiteFideId "2401762"]
[BlackFideId "2039796"]
[WhiteElo "2159"]
[BlackElo "2371"]
[Result "0-1"]
[Round "06"]
[TimeControl "180+1"]
[Date "2021.08.17"]
[WhiteClock "0:00:15"]
[BlackClock "0:00:41"]

1. d4 Nf6 2. Nf3 e6 3. Bf4 d5 4. e3 Bd6 5. Nbd2 O-O 6. Bd3 c5 7. c3 Qc7 8. Bxd6 Qxd6 9. dxc5 Qxc5 10. e4 Nc6 11. e5 Nd7 12. Bxh7+ Kxh7 13. Ng5+ Kg6 14. Qg4 Ndxe5 15. Qg3 Qb5 16. Nge4+ Kh7 17. Qh4+ Kg8 18. Ng5 Re8 19. Qh7+ Kf8 20. Qh8+ Ke7 21. Qxg7 Bd7 22. f4 Rg8 23. Qh7 Rh8 24. Qg7 Rag8 0-1


[Site "https://www.chess.com"]

[Event "Titled Tuesday Blitz August 17 2021"]
[White "Guz, Ari"]
[Black "Gunina, Valentina"]
[WhiteFideId "2825759"]
[BlackFideId "4167570"]
[WhiteElo "1847"]
[BlackElo "2399"]
[Result "0-1"]
[Round "06"]
[TimeControl "180+1"]
[Date "2021.08.17"]
[WhiteClock "0:00:18"]
[BlackClock "0:01:07"]

1. d4 d5 2. Nf3 Nf6 3. Bf4 c5 4. e3 Bg4 5. Nbd2 e6 6. c3 Bd6 7. Bxd6 Qxd6 8. Qa4+ Nbd7 9. Ne5 cxd4 10. exd4 O-O 11. f4 Bf5 12. Be2 a6 13. O-O b5 14. Qd1 Qb6 15. a3 Nxe5 16. fxe5 Nd7 17. Kh1 f6 18. exf6 Rxf6 19. Bg4 Bxg4 20. Qxg4 Raf8 21. Rxf6 Nxf6 22. Qh3 a5 23. Re1 Re8 24. g4 b4 25. axb4 axb4 26. g5 Ne4 27. Nxe4 dxe4 28. Qg2 bxc3 29. bxc3 e3 30. Rxe3 Qb1+ 31. Qg1 Qf5 32. Qe1 Qxg5 33. c4 Qg4 34. Re4 Qf3+ 35. Kg1 Rf8 36. Rxe6 Qg4+ 37. Kh1 Qxd4 38. Re8 Qxc4 39. Rxf8+ Kxf8 40. Qf2+ Kg8 41. h3 Qe4+ 42. Kh2 h6 43. Qg3 Kh7 44. Qg4 Qxg4 45. hxg4 Kg6 46. Kg3 Kg5 47. Kh3 Kf4 48. Kh4 g5+ 49. Kh3 Kf3 0-1


[Site "https://www.chess.com"]

[Event "Titled Tuesday Blitz August 17 2021"]
[White "Holt, Conrad"]
[Black "Wagh Suyog"]
[WhiteFideId "2034387"]
[BlackFideId "25071688"]
[WhiteElo "2586"]
[BlackElo "2219"]
[Result "1-0"]
[Round "06"]
[TimeControl "180+1"]
[Date "2021.08.17"]
[WhiteClock "0:00:04"]
[BlackClock "0:00:01"]

1. d4 g6 2. c4 Bg7 3. Nf3 d6 4. e4 Nc6 5. Be2 Bg4 6. Nbd2 Nf6 7. d5 Nb8 8. Qb3 Bc8 9. Qc2 O-O 10. O-O e5 11. c5 Nbd7 12. b4 a5 13. cxd6 cxd6 14. Nc4 Qc7 15. bxa5 Rxa5 16. Bd2 Ra8 17. Bb4 Ne8 18. Rfc1 Bh6 19. Nfd2 Qb8 20. Rab1 f5 21. exf5 gxf5 22. Rb3 Kh8 23. Rh3 Bg7 24. Rh5 Ndf6 25. Nb6 Nxh5 26. Bxh5 Nf6 27. Be2 Rd8 28. Nxa8 Qxa8 29. Qc7 Bd7 30. Nc4 Ne8 31. Qb6 Rc8 32. Ra1 e4 33. Re1 Qxa2 34. Nxd6 Nxd6 35. Qxd6 Be8 36. h3 Bg6 37. Qe6 Re8 38. Qd7 f4 39. d6 e3 40. fxe3 fxe3 41. Qc7 Qe6 42. Bc3 Bxc3 43. Qxc3+ Qe5 44. Qc7 Rf8 45. Rf1 1-0


[Site "https://www.chess.com"]

[Event "Titled Tuesday Blitz August 17 2021"]
[White "Indjic, Aleksandar"]
[Black "Shimanov, Aleksandr"]
[WhiteFideId "911925"]
[BlackFideId "4198603"]
[WhiteElo "2643"]
[BlackElo "2596"]
[Result "0-1"]
[Round "06"]
[TimeControl "180+1"]
[Date "2021.08.17"]
[WhiteClock "0:00:04"]
[BlackClock "0:00:10"]

1. d4 d5 2. c4 c6 3. Nf3 Nf6 4. Nc3 dxc4 5. a4 Bf5 6. Ne5 Nbd7 7. Nxc4 Nb6 8. Ne5 a5 9. h4 h6 10. f3 Nfd7 11. e4 Bh7 12. Be3 e6 13. Qb3 Nxe5 14. dxe5 Bb4 15. Kf2 Nd7 16. Na2 Bc5 17. Rd1 Bxe3+ 18. Qxe3 Qe7 19. f4 f6 20. g4 fxe5 21. f5 O-O 22. Bc4 Kh8 23. Nc3 Nf6 24. Kg3 exf5 25. gxf5 Rad8 26. Be2 Qb4 27. Rb1 Rd4 28. Bf3 Rfd8 29. Rhd1 Rxd1 30. Nxd1 Qxa4 31. Nf2 Bg8 32. Qb6 Rd2 33. Rg1 Qd4 34. Qxd4 Rxd4 35. Ra1 b6 36. Rc1 c5 37. Rc3 c4 38. Rc2 b5 39. Kg2 b4 40. Kf1 a4 41. Ke2 Bf7 42. Ke3 Kg8 43. Rc1 Kf8 44. Bd1 Be8 45. Be2 Bb5 46. Ra1 Ke7 47. Bf1 Kd6 48. Be2 Kc5 49. Rc1 b3 50. Nd3+ Kd6 51. Nf2 a3 52. bxa3 b2 53. Rb1 c3 54. Bd3 Bxd3 55. Nxd3 c2 56. Rxb2 Rxd3+ 57. Kxd3 c1=Q 58. Rb6+ Kc7 0-1


[Site "https://www.chess.com"]

[Event "Titled Tuesday Blitz August 17 2021"]
[White "Ivanov, Oleg"]
[Black "Ibarra Jerez, Jose Carlos"]
[WhiteFideId "4103114"]
[BlackFideId "2226332"]
[WhiteElo "2702"]
[BlackElo "2602"]
[Result "0-1"]
[Round "06"]
[TimeControl "180+1"]
[Date "2021.08.17"]
[WhiteClock "0:00:02"]
[BlackClock "0:00:08"]

1. e4 e6 2. d4 d5 3. Nc3 Nf6 4. e5 Nfd7 5. f4 c5 6. Nf3 Nc6 7. Be3 Be7 8. Qd2 O-O 9. Be2 b6 10. O-O f5 11. Nd1 cxd4 12. Nxd4 Nxd4 13. Bxd4 Nc5 14. Nf2 Bb7 15. a4 a5 16. Bb5 g5 17. fxg5 Bxg5 18. Qe2 Ne4 19. Nxe4 dxe4 20. Rad1 Qc7 21. Qh5 Be7 22. Be3 Bc6 23. Qh6 Qc8 24. Bxc6 Qxc6 25. Bg5 Bxg5 26. Qxg5+ Kh8 27. Rd6 Qc5+ 28. Kh1 Qxe5 29. Rd7 Qf6 30. Qh5 Qg6 31. Qh4 Rg8 32. g3 Raf8 33. Qf4 Rg7 34. Rfd1 Qf6 35. Rxg7 Kxg7 36. Rd7+ Rf7 37. Qc7 Rxd7 38. Qxd7+ Kg6 39. c3 e3 40. Kg2 f4 41. Qd3+ Qf5 42. Qe2 Qe4+ 0-1


[Site "https://www.chess.com"]

[Event "Titled Tuesday Blitz August 17 2021"]
[White "Ivic, Velimir"]
[Black "Stribuk, Artiom"]
[WhiteFideId "950122"]
[BlackFideId "13515659"]
[WhiteElo "2509"]
[BlackElo "2224"]
[Result "0-1"]
[Round "06"]
[TimeControl "180+1"]
[Date "2021.08.17"]
[WhiteClock "0:00:01"]
[BlackClock "0:00:04"]

1. Nf3 Nf6 2. c4 c5 3. Nc3 b6 4. g3 Bb7 5. Bg2 e6 6. O-O Be7 7. b3 O-O 8. Bb2 d6 9. d4 cxd4 10. Qxd4 a6 11. Rfd1 Nbd7 12. Rac1 Qb8 13. Ba3 Nc5 14. Qf4 Rd8 15. Rc2 h6 16. Bb2 Bc6 17. Qc1 Qb7 18. b4 Nce4 19. Nd4 Rac8 20. Nxc6 Qxc6 21. Nxe4 Nxe4 22. Qe3 d5 23. Rdc1 Bg5 24. f4 Bf6 25. Bxf6 Nxf6 26. Qd4 Qa4 27. Rb2 dxc4 28. Qxb6 c3 29. Rbc2 Rd2 30. Rxc3 Rxc3 31. Rxc3 Qd1+ 32. Bf1 Rxe2 33. Qxa6 Qd4+ 34. Kh1 Qe4+ 35. Kg1 Qd4+ 36. Kh1 Re1 37. Rc8+ Kh7 38. Kg2 Qe4+ 39. Kg1 Ng4 40. Rc2 h5 41. Rd2 Qe3+ 0-1


[Site "https://www.chess.com"]

[Event "Titled Tuesday Blitz August 17 2021"]
[White "Kadam, Om Manish"]
[Black "Drygalov, Sergey"]
[WhiteFideId "45076294"]
[BlackFideId "24171743"]
[WhiteElo "1729"]
[BlackElo "2514"]
[Result "0-1"]
[Round "06"]
[TimeControl "180+1"]
[Date "2021.08.17"]
[WhiteClock "0:00:11"]
[BlackClock "0:00:10"]

1. e4 c5 2. Nf3 d6 3. d4 cxd4 4. Nxd4 Nf6 5. Nc3 a6 6. g3 e5 7. Nde2 Be7 8. Bg2 b5 9. Nd5 Nxd5 10. Qxd5 Ra7 11. Be3 Be6 12. Qd2 Rb7 13. Nc3 Nd7 14. O-O O-O 15. Nd5 Bxd5 16. Qxd5 Qc7 17. Rfd1 Nb6 18. Bxb6 Rxb6 19. Rac1 Rc6 20. c3 Qb6 21. Rc2 Rfc8 22. Bh3 R8c7 23. Rcd2 g6 24. Bf1 Kg7 25. Kg2 Rc5 26. Qd3 a5 27. Be2 b4 28. c4 Qb7 29. b3 a4 30. Qe3 R7c6 31. Rd5 Rxd5 32. Rxd5 Bd8 33. Rb5 Rb6 34. Rd5 axb3 35. axb3 Bc7 36. c5 dxc5 37. Bc4 Bd6 38. Qf3 Qe7 39. Rd1 Rb7 40. h4 h5 41. Ra1 Ra7 42. Rxa7 Qxa7 43. Qd3 Be7 44. Qd5 Bf6 45. Kf3 Qe7 46. Kg2 g5 47. hxg5 Bxg5 48. Qd1 h4 49. Qg4 hxg3 50. fxg3 Qf6 51. Qd7 Be3 52. Qg4+ Bg5 53. Bd5 Kh6 54. Qc8 Kg7 55. Qxc5 Bd2 56. Qc8 Bc3 57. Qg4+ Qg6 58. Qf3 Bd4 59. Qe2 Qf6 60. Qc2 Qg6 61. Qc8 Qf6 62. Qg4+ Kf8 63. Qe2 Bc5 64. Qc2 Bd4 65. Bc4 Kg7 66. Qe2 Qg5 67. Bd5 Qe3 68. Qg4+ Kf8 69. Qc8+ Kg7 70. Qg4+ Kf8 71. Qf5 Qg1+ 72. Kh3 Qh1+ 73. Kg4 Qd1+ 74. Kg5 Qd2+ 75. Kg4 Qd1+ 76. Kh4 Qh1+ 77. Kg5 Be3+ 78. Kf6 Qh8# 0-1


[Site "https://www.chess.com"]

[Event "Titled Tuesday Blitz August 17 2021"]
[White "Kamsky, Gata"]
[Black "Kezin, Roman"]
[WhiteFideId "2000024"]
[BlackFideId "24124621"]
[WhiteElo "2644"]
[BlackElo "2570"]
[Result "0-1"]
[Round "06"]
[TimeControl "180+1"]
[Date "2021.08.17"]
[WhiteClock "0:00:01"]
[BlackClock "0:00:02"]

1. d4 d5 2. Bf4 Nf6 3. e3 c5 4. c3 Nc6 5. Nd2 Qb6 6. Qb3 c4 7. Qc2 g6 8. e4 dxe4 9. Bxc4 Bf5 10. Qb3 e6 11. Qxb6 axb6 12. Ne2 Nd5 13. Be3 Bd6 14. Bb3 O-O 15. Bc2 e5 16. Nxe4 exd4 17. Nxd6 Bxc2 18. Nxd4 Nxd4 19. Bxd4 Rad8 20. Nc4 b5 21. Na3 Bd3 22. Kd2 b4 23. Kxd3 bxa3 24. bxa3 Nf4+ 25. Kc2 Nxg2 26. Rhb1 Rd7 27. Rb5 Nh4 28. Rab1 Nf3 29. Be3 Rc8 30. h3 h5 31. Rxb7 Ne1+ 32. Rxe1 Rxb7 33. Bd4 Rd7 34. Kd3 f6 35. Re6 Rf8 36. a4 Kg7 37. a5 g5 38. a6 Kg6 39. a7 Rdd8 40. a4 Kf5 41. Ra6 h4 42. Ke2 g4 43. hxg4+ Kxg4 44. Bxf6 Rde8+ 45. Kf1 h3 46. Bd4 Kf3 47. Rg6 Rg8 48. Rh6 Kg4 49. a5 Ref8 50. a6 Re8 51. c4 Rgf8 52. c5 Rf4 53. Rg6+ Kf5 54. Rd6 Rfe4 0-1


[Site "https://www.chess.com"]

[Event "Titled Tuesday Blitz August 17 2021"]
[White "Karttunen, Mika"]
[Black "Pourkashiyan, Atousa"]
[WhiteFideId "502081"]
[BlackFideId "12502014"]
[WhiteElo "2343"]
[BlackElo "2285"]
[Result "1/2-1/2"]
[Round "06"]
[TimeControl "180+1"]
[Date "2021.08.17"]
[WhiteClock "0:00:32"]
[BlackClock "0:00:09"]

1. e4 e5 2. Nf3 Nf6 3. Nxe5 d6 4. Nf3 Nxe4 5. Nc3 Nxc3 6. dxc3 Be7 7. Be3 Nc6 8. Qd2 Be6 9. O-O-O Qd7 10. Kb1 O-O-O 11. Nd4 Bf6 12. Nxe6 fxe6 13. g4 a6 14. g5 Be7 15. f4 Kb8 16. h4 Rdf8 17. Bh3 Bd8 18. Rde1 Re8 19. Qe2 Ka8 20. Qh5 Na5 21. b3 Qb5 22. Qe2 Qxe2 23. Rxe2 e5 24. Rhe1 Nc6 25. Bd7 Re7 26. Bxc6 bxc6 27. Bd4 Rhe8 28. fxe5 Re6 29. c4 c5 30. Bc3 h6 31. gxh6 gxh6 32. h5 Bg5 33. a3 Kb7 34. Kb2 Kc6 35. Re4 Bd8 36. b4 cxb4 37. axb4 Bg5 38. Kb3 Rf8 39. exd6 Rxe4 40. Rxe4 cxd6 41. Re6 Rf3 42. Kb2 Kd7 43. Rg6 Rh3 44. Rg7+ Kc6 45. Rg6 Rxh5 46. c5 Bf4 47. cxd6 Bxd6 48. Be5 Rxe5 49. Rxh6 Rd5 50. c3 Rd2+ 51. Kb3 Rd3 52. Kc4 Rd1 53. Rg6 Kc7 54. Rh6 Rc1 55. Rh5 Rd1 56. Rh6 Rc1 57. Rh5 Rf1 58. Rh6 Rf5 59. Rg6 Kc6 60. Rh6 Rf4+ 61. Kb3 Kd5 62. Rh5+ Be5 63. c4+ Rxc4 64. Rxe5+ Kxe5 65. Kxc4 Kd6 66. b5 axb5+ 67. Kxb5 1/2-1/2


[Site "https://www.chess.com"]

[Event "Titled Tuesday Blitz August 17 2021"]
[White "Kavyev, Ruslan"]
[Black "Fier, Alexandr"]
[WhiteFideId "34110981"]
[BlackFideId "2107139"]
[WhiteElo "2172"]
[BlackElo "2569"]
[Result "0-1"]
[Round "06"]
[TimeControl "180+1"]
[Date "2021.08.17"]
[WhiteClock "0:00:03"]
[BlackClock "0:01:31"]

1. d4 Nf6 2. c4 c5 3. d5 e6 4. Nc3 exd5 5. cxd5 d6 6. Nf3 g6 7. Nd2 Bg7 8. e4 O-O 9. Be2 Na6 10. O-O Re8 11. f3 Nc7 12. a4 b6 13. Qc2 Ba6 14. Nc4 Bxc4 15. Bxc4 a6 16. Bf4 Rb8 17. Qd3 Nh5 18. Be3 Qc8 19. g4 Nf6 20. Bf4 Rd8 21. Qd2 b5 22. axb5 axb5 23. Be2 Rb6 24. Rab1 Nd7 25. b4 c4 26. Be3 Ra6 27. Bd4 Qa8 28. f4 Bxd4+ 29. Qxd4 Qa7 30. Qxa7 Rxa7 31. Bf3 Ra3 32. Rbc1 f6 33. Rfe1 Rb3 34. g5 fxg5 35. e5 gxf4 36. exd6 Ne8 37. Nxb5 Rxf3 38. Nd4 Rd3 39. Nc6 Ra8 40. Rxc4 Nxd6 41. Rxf4 Nf5 42. b5 Rxd5 43. Rb1 Nb6 44. Rf2 Kg7 45. Re1 Rxb5 46. Ne7 Ra7 47. Nxf5+ Rxf5 48. Rb2 Nd5 49. Rg2 Nf4 50. Rf2 Nh3+ 0-1


[Site "https://www.chess.com"]

[Event "Titled Tuesday Blitz August 17 2021"]
[White "Khabinets, Ivan"]
[Black "Yaran, Siar"]
[WhiteFideId "14115980"]
[BlackFideId "6323006"]
[WhiteElo "2114"]
[BlackElo "1977"]
[Result "1-0"]
[Round "06"]
[TimeControl "180+1"]
[Date "2021.08.17"]
[WhiteClock "0:00:43"]
[BlackClock "0:00:14"]

1. e4 e5 2. Nf3 Nc6 3. Bb5 a6 4. Ba4 Nf6 5. Nc3 d6 6. O-O Bd7 7. d4 Be7 8. Re1 exd4 9. Nxd4 O-O 10. Nxc6 Bxc6 11. Bxc6 bxc6 12. b3 Nd7 13. Be3 Bf6 14. Bd4 Re8 15. Bxf6 Qxf6 16. Qd2 Re6 17. Rad1 Rae8 18. f3 Qe5 19. Ne2 Qc5+ 20. Qd4 Qa5 21. Qc3 Qxc3 22. Nxc3 f5 23. Kf2 fxe4 24. Rxe4 Kf7 25. Rf4+ Nf6 26. Ra4 Ra8 27. Rd2 d5 28. Ra5 Ke7 29. Na4 Nd7 30. c4 dxc4 31. bxc4 Nb6 32. Nc5 Nxc4 33. Nxe6 Nxa5 34. Nxg7 c5 35. Nf5+ Ke6 36. Ne3 Rb8 37. f4 Rb4 38. Kf3 c4 39. f5+ Kf7 40. Rd7+ Kg8 41. Rxc7 Ra4 42. f6 Rxa2 43. Nf5 h5 44. Nh6+ Kh8 45. f7 Kh7 46. f8=Q+ 1-0


[Site "https://www.chess.com"]

[Event "Titled Tuesday Blitz August 17 2021"]
[White "Khumalo, Keith"]
[Black "Lashkin, Jegor"]
[WhiteFideId "14319470"]
[BlackFideId "13907808"]
[WhiteElo "1992"]
[BlackElo "2293"]
[Result "0-1"]
[Round "06"]
[TimeControl "180+1"]
[Date "2021.08.17"]
[WhiteClock "0:01:39"]
[BlackClock "0:01:16"]

1. d4 Nf6 2. c4 e6 3. Nf3 d5 4. g3 dxc4 5. Bg2 a6 6. O-O Nc6 7. e3 Rb8 8. Nfd2 e5 9. Bxc6+ bxc6 10. dxe5 Ng4 11. Nxc4 Be6 12. Nbd2 Bb4 13. b3 h5 14. f3 Nxe3 15. Nxe3 Qd4 16. Rb1 Qxe3+ 17. Kh1 Rd8 18. Nc4 Rxd1 19. Nxe3 Rxf1+ 20. Nxf1 Bf5 21. Rb2 Ba3 22. Ne3 Bxb2 23. Bxb2 Bb1 24. a3 Ke7 25. Bd4 Rd8 26. Bc5+ Ke6 27. f4 Rd2 28. Kg1 Be4 29. h3 g6 30. g4 Rd3 31. Kf2 Rxb3 32. Bf8 h4 33. Bc5 Rb2+ 34. Ke1 Rh2 35. f5+ gxf5 36. gxf5+ Bxf5 0-1


[Site "https://www.chess.com"]